 Dungeon Crawl Stone Soup version 0.29.1-15-g9cfb28693d (webtiles) character file.

Game seed: 17091266848581145066

31 croobank the Caller (level 2, 0/22 HPs)
             Began as a Demigod Summoner on Mar 7, 2023.
             Slain by Natasha (4 damage)
             ... on level 2 of the Dungeon.
             The game lasted 00:03:50 (1448 turns).

croobank the Caller (Demigod Summoner)              Turns: 1448, Time: 00:03:51

Health: 0/22       AC:  2    Str:  9    XL:     2   Next: 90%
Magic:  1/7        EV: 12    Int: 17    God:
Gold:   69         SH:  0    Dex: 14    Spells: 2/5 levels left

rFire   . . .      SeeInvis .   c - +0 short sword
rCold   . . .      Faith    .   (no shield)
rNeg    . . .      Spirit   .   a - +0 robe
rPois   .          Reflect  .   (no helmet)
rElec   .          Harm     .   (no cloak)
rCorr   .          Rampage  .   (no gloves)
Will    .....                   (no boots)
Stlth   ++........              (no amulet)
HPRegen 0.07/turn               g - ring of flight
MPRegen 0.10/turn               (no ring)

@: flying, very slightly contaminated, slowed, very slow
A: high MP 1, forlorn, divine attributes
a: no special abilities


You were on level 2 of the Dungeon.
You visited 1 branch of the dungeon, and saw 2 of its levels.

You collected 69 gold pieces.

Inventory:

Hand Weapons
 c - a +0 short sword (weapon)
 j - a +0 sling
Armour
 a - a +0 robe (worn)
Magical Staves
 d - a staff of death
Jewellery
 g - a ring of flight (left hand)
Scrolls
 e - 5 scrolls of identify {unknown}
 f - a scroll of acquirement {unknown}
 i - a scroll of torment {unknown}
 k - a scroll of amnesia {unknown}
Potions
 b - a potion of magic
 h - a potion of flight {unknown}


   Skills:
 + Level 0.8 Fighting
 + Level 2.1 Dodging
 + Level 2.2 Stealth
 + Level 2.1 Spellcasting
 + Level 3.8 Summonings


You had 2 spell levels left.
You knew the following spells:

 Your Spells              Type           Power      Damage    Failure   Level
a - Summon Small Mammal   Summ           56%        N/A       4%          1
b - Call Imp              Summ           14%        N/A       6%          2

Your spell library contained the following spells:

 Spells                   Type           Power      Damage    Failure   Level
 Sandblast                Erth           2%         2d4       19%         1
 Passwall                 Tmut/Erth      0%         N/A       28%         2
 Call Canine Familiar     Summ           14%        N/A       12%         3
 Summon Guardian Golem    Hex/Summ       8%         N/A       26%         3
 Ignite Poison            Fire/Tmut/Pois 1%         N/A       50%         3
 Mephitic Cloud           Conj/Pois/Air  1%         N/A       50%         3
 Stone Arrow              Conj/Erth      2%         3d7       50%         3
 Summon Lightning Spire   Summ/Air       8%         N/A       65%         4
 Freezing Cloud           Conj/Ice/Air   0%         6-21      99%         5


Dungeon Overview and Level Annotations

Branches:
Dungeon (2/15)

Shops:
D:2 :

Annotations:
D:1 need digging
D:2 Natasha


Innate Abilities, Weirdness & Mutations

You have an increased reservoir of magic. (+10% MP)
You shall have no god before yourself.
Your divine heritage dramatically boosts your attributes as you level up.


Message History

You don't know that spell.
Casting: Call Imp (safe; 6% risk of failure)
Confirm with . or Enter, or press ? or * to list all spells.
A beastly little devil appears in a puff of flame.
Natasha claws you. Natasha barely misses you.
Casting: Call Imp (safe; 6% risk of failure)
Confirm with . or Enter, or press ? or * to list all spells.
You miscast Summon Small Mammal.
Nothing appears to happen.
Your crimson imp hits Natasha.
Natasha extends her claws.
Natasha mumbles some strange words.
Casting: Summon Small Mammal (safe; 4% risk of failure)
Confirm with . or Enter, or press ? or * to list all spells.
Your crimson imp hits Natasha but does no damage.
Natasha claws you! The shadow imp hits you.
Your crimson imp hits Natasha.
Natasha closely misses you.
Casting: Summon Small Mammal (safe; 4% risk of failure)
Confirm with . or Enter, or press ? or * to list all spells.
Your bat hits the shadow imp.
The shadow imp hits you but does no damage.
Your crimson imp hits Natasha.
Natasha stares at you and mumbles some strange words.
You feel as though you will be slow longer.
The shadow imp gestures at you.
You barely resist.
The shadow imp attacks as you move away!
The shadow imp closely misses you.
Your bat closely misses the shadow imp. x2
Your quokka misses the shadow imp.
The shadow imp closely misses your quokka.
Natasha claws you.
* * * LOW HITPOINT WARNING * * *
Your crimson imp hits Natasha.
You closely miss Natasha.
Natasha is severely wounded.
Your quokka closely misses the shadow imp.
The shadow imp hits your quokka.
Your quokka dies!
Your quokka's corpse disappears in a puff of smoke!
Your bat barely misses the shadow imp.
Natasha claws you.
You die...

## .. #. #. ..####.####
.....b5h@.# ......5§#.####
#.......#....#
##....#######.# #........#
#.####
#..##....######.##.####### .
#..##....#......#..#.....#
...#..................#.###.#
...#...####.∩...####..#.# #.#


You could see Natasha (ally target), a shadow imp (summoned, ally target), a
friendly crimson imp (summoned) and a friendly bat (summoned).

Vanquished Creatures
  2 ball pythons (D:1)
  2 bats
  A kobold (D:1)
  A quokka (D:1)
  2 rats
8 creatures vanquished.

Vanquished Creatures (collateral kills)
  A dart slug (D:1)
  A ball python (D:1)
  2 endoplasms (D:1)
  A giant cockroach (D:1)
  2 goblins (D:1)
  3 hobgoblins
  2 jackals (D:1)
  A frilled lizard (D:1)
  2 kobolds (D:1)
  3 rats
18 creatures vanquished.

Grand Total: 26 creatures vanquished

Notes
Turn   | Place    | Note
-------+----------+-------------------------------------------
     0 | D:1      | croobank the Demigod Summoner began the quest for the Orb.
     0 | D:1      | Reached XP level 1. HP: 14/14 MP: 5/5
   640 | D:1      | Reached XP level 2. HP: 16/22 MP: 2/7
   687 | D:1      | Learned a level 2 spell: Call Imp
  1337 | D:2      | Found Ytubitza's Book Shop.
  1437 | D:2      | Noticed Natasha
  1448 | D:2      | Slain by Natasha

Illustrated notes

Levels and vault maps discovered:
D:1:      minmay_arrival_hallway, layout_rooms, due_unseen_surprise
D:2:      cheibrodos_old_hovel, layout_basic, serial_shops, shop, basic_altar,
          dreamdust_ecumenical_altar_statues, uniq_natasha

Skill      XL: |  1  2 |
---------------+-------+-----
Stealth        | 2 |  2.2
Dodging        | 2 |  2.1
Spellcasting   | 2 |  2.1
Fighting       | |  0.8
Summonings     | |  3.8

Action                   || total
-------------------------++-------
Melee: Short sword       ||    32
 Cast: Summon Small Mamm ||    34
       Call Imp          ||     9
 Stab: Sleeping          ||     2
Armor: Robe              ||     9
Dodge: Dodged            ||    24
